 Dungeon Crawl Stone Soup version 0.29.1-12-g30fa7ad0bf (webtiles) character file.

Game seed: 3253381922672460260

2656 sillycutie the Cleaver (level 9, -13/82 HPs)
             Began as a Minotaur Berserker on Jan 10, 2023.
             Was a Believer of Trog.
             Mangled by a boulder beetle (17 damage)
             ... on level 7 of the Dungeon.
             The game lasted 00:53:19 (6523 turns).

sillycutie the Cleaver (Minotaur Berserker)         Turns: 6523, Time: 00:53:19

Health: -13/82     AC: 16    Str: 25    XL:     9   Next: 36%
Magic:  8/8        EV:  5    Int:  4    God:    Trog [**....]
Gold:   255        SH: 10    Dex: 11    Spells: 8/8 levels left

rFire   . . .      SeeInvis .   v - +1 war axe (vorpal)
rCold   . . .      Faith    .   g - +1 tower shield of Vouret {Rampage Will++}
rNeg    . . .      Spirit   .   D - +0 plate armour
rPois   .          Reflect  .   (helmet restricted)
rElec   .          Harm     .   (no cloak)
rCorr   .          Rampage  +   (no gloves)
Will    ++...                   j - +1 pair of boots
Stlth   ..........              (no amulet)
HPRegen 0.23/turn               (no ring)
MPRegen 0.11/turn               (no ring)

@: mighty, on berserk cooldown, slowed, studying Shields, very slow
A: horns 2, retaliatory headbutt
a: Renounce Religion, Berserk, Trog's Hand


You were on level 7 of the Dungeon.
You worshipped Trog.
Trog was pleased with you.
You visited 1 branch of the dungeon, and saw 7 of its levels.

You collected 255 gold pieces.

Inventory:

Hand Weapons
 v - a +1 vorpal war axe (weapon)
Armour
 g - the +1 tower shield of Vouret (worn) {Rampage Will++}
   (You found it on level 3 of the Dungeon)

   Rampage:   It bestows one free step when moving towards enemies.
   Will:      It greatly increases your willpower.
 j - a +1 pair of boots (worn)
 D - a +0 plate armour (worn)
Jewellery
 k - an amulet of the acrobat
 w - an amulet of magic regeneration
 A - a ring of willpower
Wands
 m - a wand of acid (7)
 u - a wand of polymorph (11)
Scrolls
 b - 2 scrolls of enchant weapon {unknown}
 c - a scroll of amnesia {unknown}
 e - a scroll of magic mapping {unknown}
 i - a scroll of butterflies
 l - a scroll of fear {unknown}
 q - a scroll of poison
 r - 3 scrolls of vulnerability
 x - a scroll of blinking {unknown}
 y - 2 scrolls of teleportation
Potions
 a - 2 potions of heal wounds
 d - 3 potions of attraction
 f - a potion of lignification
 h - 2 potions of degeneration
 n - a potion of haste {unknown}
 o - a potion of berserk rage
 p - 3 potions of brilliance
 s - 2 potions of resistance
 B - a potion of mutation


   Skills:
 + Level 8.5 Fighting
 + Level 8.5 Axes
 + Level 8.1 Armour
 + Level 7.3 Dodging


You had 8 spell levels left.
You didn't know any spells.
Your spell library was empty.

Dungeon Overview and Level Annotations

Branches:
Dungeon (7/15)
 Temple: D:4-7

Altars:
Dithmenos
Gozag
Nemelex Xobeh
Qazlal
Ru
Trog

Shops:
D:2 =   D:3 [

Annotations:
D:5 1 transporter


Innate Abilities, Weirdness & Mutations

You have a pair of horns on your head.
You reflexively headbutt those who attack you in melee.


Message History

Trog accepts your kill.
You are no longer berserk.
You are exhausted.
You feel yourself slow down. You block the boulder beetle's attack.
You hit the boulder beetle.
The boulder beetle is lightly wounded.
You hit the ogre.
You feel the effects of Trog's Hand fading.
The boulder beetle bites you!
The ogre hits you with a +0 giant spiked club!
The boulder beetle bites you but does no damage.
You block the ogre's attack. The boulder beetle bites you!
* * * LOW HITPOINT WARNING * * *
As you read the scroll of butterflies, it crumbles to dust.
You hear the tinkle of a tiny bell.
The boulder beetle bites you.
* * * LOW HITPOINT WARNING * * *
The ogre hits you but does no damage.
You feel better. The boulder beetle barely misses you.
The ogre hits you with a +0 giant spiked club!
* * * LOW HITPOINT WARNING * * *
The boulder beetle barely misses you. You furiously retaliate!
You headbutt the boulder beetle!
Your skin stops crawling.
You feel less strong-willed. The ogre barely misses your butterfly.
The boulder beetle leaps!
You swap places.
The ogre closely misses your butterfly.
You feel better. The boulder beetle closely misses you.
You feel very mighty all of a sudden. The ogre barely misses you.
You furiously retaliate!
You headbutt the ogre. The boulder beetle bites you!
* * * LOW HITPOINT WARNING * * *
The boulder beetle completely misses you.
You hit the boulder beetle but do no damage.
You headbutt the boulder beetle!
The boulder beetle is moderately wounded.
You hit the ogre.
The ogre hits you with a +0 giant spiked club!
* * * LOW HITPOINT WARNING * * *
The boulder beetle bites you but does no damage.
You block the ogre's attack. The boulder beetle bites you!
You die...

#..
#.........#####
#.#
#..............
#..
#.......<#####.
'.# ##########
#. #..b# #.
#b#)# #. #.b.#
#. #O### #.
#.@b# ########.
#.#B# #........
#..b# #.#######
#.#.# ###.#
#..b# #...#
#.#.# ###.###
#...###...#
#.####..###
#......##


You could see a boulder beetle (ally target) and an ogre (ally target).

Vanquished Creatures
  Pikel (D:4)
  A troll (D:7)
  An acid dragon (D:7)
  2 water moccasins
  2 black bears
  2 ice beasts (D:7)
  A lemure (D:4)
  An ogre (D:5)
  2 phantoms (D:5)
  A kobold brigand (D:5)
  Blork the orc (D:6)
  A necrophage (D:7)
  A bullfrog (D:7)
  2 scorpions
  5 hounds
  2 jellies
  2 orc priests (D:5)
  2 orc wizards
  4 iguanas
  11 gnolls
  4 adders
  2 white imps
  2 ufetubi (D:5)
  An adder zombie (D:2)
  3 worms (D:2)
  2 dart slugs
  18 orcs
  A bat zombie (D:2)
  9 endoplasms
  3 giant cockroaches
  4 hobgoblins
  6 jackals (D:3)
  8 kobolds
  4 quokkas
  5 ball pythons
  A ball python skeleton (D:2)
  A ball python zombie (D:2)
  5 bats
  A frilled lizard (D:3)
  4 goblins
  A jackal skeleton (D:2)
  2 quokka zombies (D:2)
  A rat (D:3)
133 creatures vanquished.

Vanquished Creatures (others)
  4 plants (D:1)
  6 withered plants (D:2)
10 creatures vanquished.

Grand Total: 143 creatures vanquished

Notes
Turn   | Place    | Note
-------+----------+-------------------------------------------
     0 | D:1      | sillycutie the Minotaur Berserker began the quest for the
                  | Orb.
     0 | D:1      | Reached XP level 1. HP: 19/19 MP: 0/0
   303 | D:1      | Reached XP level 2. HP: 23/27 MP: 1/1
   636 | D:1      | Found a faded altar of an unknown god.
  1119 | D:2      | Reached XP level 3. HP: 29/33 MP: 2/2
  1729 | D:2      | Found Raodd's Jewellery Shoppe.
  1753 | D:2      | Reached XP level 4. HP: 40/40 MP: 3/3
  2097 | D:3      | Identified the +1 tower shield of Vouret {Rampage Will++}
  2154 | D:3      | Found an opulent altar of Gozag.
  2167 | D:3      | Reached ** piety under Trog
  2181 | D:3      | Found a stormy altar of Qazlal.
  2255 | D:3      | Found Urorisuc's Armour Shop.
  2528 | D:3      | Reached XP level 5. HP: 47/47 MP: 4/4
  3127 | D:4      | Noticed a lemure
  3129 | D:4      | Reached skill level 5 in Axes
  3129 | D:4      | Noticed Pikel
  3137 | D:4      | Killed a lemure
  3139 | D:4      | Killed Pikel
  3140 | D:4      | Reached skill level 5 in Fighting
  3140 | D:4      | Reached skill level 5 in Armour
  3140 | D:4      | Reached XP level 6. HP: 57/57 MP: 5/5
  3140 | D:4      | Reached XP level 7. HP: 62/62 MP: 6/6
  3450 | D:4      | Found a sacrificial altar of Ru.
  3542 | D:4      | Found a shadowy altar of Dithmenos.
  3627 | D:4      | Reached skill level 5 in Dodging
  3947 | D:5      | Entered Level 5 of the Dungeon
  4053 | D:5      | Reached XP level 8. HP: 61/71 MP: 7/7
  4283 | D:5      | Found a sparkling altar of Nemelex Xobeh.
  4283 | D:5      | Found a transporter.
  4283 | D:5      | Noticed a two-headed ogre
  4582 | D:5      | Found a bloodstained altar of Trog.
  5065 | D:6      | Noticed Blork the orc
  5073 | D:6      | Killed Blork the orc
  5877 | D:7      | Reached XP level 9. HP: 59/81 MP: 8/8
  6503 | D:7      | Noticed a troll
  6509 | D:7      | Noticed a boulder beetle
  6512 | D:7      | Killed a troll
  6523 | D:7      | HP: 4/82 [ogre/+0 giant spiked club (12)]
  6523 | D:7      | Mangled by a boulder beetle

Illustrated notes

Levels and vault maps discovered:
D:1:      erik_arrival_orb_chamber, layout_loops_cross,
          dilly_ecumenical_altar_fadedgnrine
D:2:      minmay_spotlight, layout_loops_corners, serial_shops,
          nicolae_shop_statue_plus, serial_undead, serial_undead_b,
          serial_undead_f, serial_undead_e, serial_undead_e, serial_undead_f,
          serial_undead_e, serial_undead_f
D:3:      layout_basic, lemuel_doored_altar, lemuel_tele_altar, serial_shops,
          nicolae_shop_waterfront, hangedman_glass_teeth
D:4:      layout_rooms, mainiacjoe_overflow_concentric_impassable,
          mainiacjoe_overflow_alcove_1, uniq_pikel
D:5:      layout_loops_ring, grunt_nemelex_the_gamble, bloody_trog,
          small_statue_alley_b, kennysheep_generic_room_2
D:6:      layout_basic, uniq_blork_the_orc
D:7:      layout_rooms, okawaru_ov_weapons_minmay,
          minmay_temple_entry_butterflies, grunt_ministairs_8, minivault_26,
          hangedman_minor_gate_pass

Skill      XL: |  1  2  3  4  5  6  7  8  9 |
---------------+----------------------------+-----
Fighting       | 4 5 6 7 8 |  8.5
Axes           | 4 6 7 8 |  8.5
Armour         | 3 5 6 7 8 |  8.1
Dodging        | 3 4 5 6 7 |  7.3

Action                   |  1- 3 |  4- 6 |  7- 9 || total
-------------------------+-------+-------+-------++-------
Melee: Hand axe          |    20 |       |       ||    20
       Headbutt          |     9 |    12 |    26 ||    47
       War axe           |    35 |    87 |   124 ||   246
Invok: Berserk           |     2 |     2 |    10 ||    14
       Trog's Hand       |       |     2 |     8 ||    10
  Use: Scroll            |     6 |     3 |     8 ||    17
       Potion            |       |       |     3 ||     3
Armor: Chain mail        |    38 |    44 |    52 ||   134
       Plate armour      |       |       |    25 ||    25
Dodge: Dodged            |    25 |    25 |    37 ||    87
Block: Tower shield      |       |    36 |    96 ||   132
